 Dungeon Crawl Stone Soup version 0.24-a0-201-gf2055891f0 (webtiles) character file.

Game seed: 13070531138613526928

194 MrRokkomies the Skirmisher (level 5, -3/88 HPs)
             Began as an Ogre Hunter on Mar 21, 2019.
             Killed from afar by an orc wizard (11 damage)
             ... with a magic dart
             ... on level 3 of the Dungeon.
             The game lasted 00:07:19 (2499 turns).

MrRokkomies the Skirmisher (Ogre Hunter)            Turns: 2499, Time: 00:07:19

Health: -3/88      AC:  3    Str: 21    XL:     5   Next: 73%
Magic:  5/5        EV: 10    Int: 16    God:
Gold:   146        SH:  0    Dex: 10    Spells: 4/4 levels left

rFire    . . .     SeeInvis .   r - +0 flail
rCold    . . .     Gourm    .   (no shield)
rNeg     . . .     Faith    .   b - +0 robe
rPois    .         Spirit   .   (helmet restricted)
rElec    .         Reflect  .   (no cloak)
rCorr    .         Harm     .   (gloves unavailable)
MR       .....                  (boots unavailable)
Stlth    ..........             (no amulet)
HPRegen  0.24/turn              n - +4 ring of intelligence
MPRegen  0.09/turn              (no ring)

@: berserking, slowed
A: large, unfitting armour, tough skin 1
a: no special abilities


You were on level 3 of the Dungeon.
You were not hungry.

You visited 1 branch of the dungeon, and saw 3 of its levels.

You collected 146 gold pieces.

Inventory:

Hand Weapons
 r - a +0 flail (weapon)
Missiles
 d - a throwing net
 j - 51 stones (quivered)
Armour
 b - a +0 robe (worn)
Jewellery
 n - a +4 ring of intelligence (left hand)
Wands
 k - a wand of iceblast (10)
 q - a wand of flame (7)
Scrolls
 a - a scroll of teleportation
 g - 2 scrolls of remove curse
 i - a scroll of enchant weapon
Potions
 e - a potion of heal wounds
 p - a potion of haste
Comestibles
 f - 14 rations


   Skills:
 * Level 5.7 Fighting
 * Level 5.5 Throwing
 - Level 1.7 Dodging
 - Level 0.6 Stealth


You had 4 spell levels left.
You didn't know any spells.
Your spell library was empty.

Dungeon Overview and Level Annotations

Branches:
Dungeon (3/15)

Altars:
Fedhas


Innate Abilities, Weirdness & Mutations

You are too large for most types of armour.
You have tough skin. (AC +1)


Message History

The orc wizard completely misses you.
You closely miss the orc wizard. The orc wizard barely misses you.
The orc hits you.
* * * LOW HITPOINT WARNING * * *
The orc wizard hits you but does no damage.
The orc wizard hits you with a +0 dagger.
* * * LOW HITPOINT WARNING * * *
The orc barely misses you.
You barely miss the orc wizard.
The orc wizard hits you with a +0 dagger.
* * * LOW HITPOINT WARNING * * *
The orc wizard barely misses you. The orc barely misses you.
The orc wizard hits you with a +0 dagger.
* * * LOW HITPOINT WARNING * * *
You miss the orc wizard.
The orc wizard hits you but does no damage.
The orc barely misses you.
The orc wizard gestures at you while chanting.
The magic dart hits you!
You die...

### ##### ..# ...(
... ...# #.# ..( #.#
#..#.##.# .( #.#
#..#.##.# (# #.#
#>.#.#..###o#.# #.#
#..#.#.#..@o..#
###.#.#..#.#.#...o.##
..#†#.#..#.#.#.....#
..#.#....#.#.#######
..#.###.#....#
........#..###
###.#####...# ....##
##..# ≈.≈≈≈# #..#


You could see 2 orc wizards and an orc.

Vanquished Creatures
  Terence (D:2)
  An orc wizard (D:3)
  3 adders (D:2)
  4 gnolls (D:3)
  An ooze (D:1)
  A worm (D:2)
  2 dart slugs (D:1)
  2 orcs (D:3)
  2 ball pythons
  4 giant cockroaches
  7 goblins
  9 hobgoblins
  7 kobolds
  A quokka (D:3)
  11 bats
  2 frilled lizards (D:3)
  7 rats
65 creatures vanquished.

Notes
Turn   | Place    | Note
-------+----------+-------------------------------------------
     0 | D:1      | MrRokkomies the Ogre Hunter began the quest for the Orb.
     0 | D:1      | Reached XP level 1. HP: 22/22 MP: 1/1
     2 | D:1      | Noticed a ghoul
     4 | D:1      | Noticed an elf
     4 | D:1      | Noticed an octopode
     6 | D:1      | Noticed a vine stalker
     6 | D:1      | Noticed a centaur
     8 | D:1      | Noticed a draconian
     8 | D:1      | Noticed a gargoyle
    10 | D:1      | Noticed a minotaur
    10 | D:1      | Noticed an ogre
    12 | D:1      | Noticed a naga
    12 | D:1      | Noticed a troll
    14 | D:1      | Noticed a demigod
    14 | D:1      | Noticed a merfolk
    16 | D:1      | Noticed a spriggan
    16 | D:1      | Noticed a tengu
    18 | D:1      | Noticed a dwarf
    18 | D:1      | Noticed a formicid
    20 | D:1      | Noticed a human
    20 | D:1      | Noticed a vampire
    22 | D:1      | Noticed a felid
    22 | D:1      | Noticed a halfling
    26 | D:1      | Noticed a demonspawn
   103 | D:1      | Reached XP level 2. HP: 23/31 MP: 2/2
   500 | D:1      | Reached XP level 3. HP: 31/39 MP: 3/3
   996 | D:2      | Reached XP level 4. HP: 43/49 MP: 4/4
  1193 | D:2      | Noticed Terence
  1212 | D:2      | Killed Terence
  1212 | D:2      | Reached skill level 5 in Throwing
  1612 | D:2      | Reached skill level 5 in Fighting
  2079 | D:3      | Reached XP level 5. HP: 57/57 MP: 5/5
  2422 | D:3      | Found a blossoming altar of Fedhas.
  2499 | D:3      | Killed from afar by an orc wizard

Levels and vault maps discovered:
D:1:      kb_arrival_jail, layout_rooms
D:2:      layout_loops_cross, uniq_terence
D:3:      layout_basic, fedhas_altar_2, first_ration, grunt_ministairs_13

Skill      XL: |  1  2  3  4 |
---------------+-------------+-----
Fighting       | 3 4 5 |  5.7
Throwing       | 5 |  5.5
Dodging        | |  1.7
Stealth        | |  0.6

Action                   |  1- 3 |  4- 6 || total
-------------------------+-------+-------++-------
Melee: Short sword       |   108 |    38 ||   146
       Flail             |       |    71 ||    71
Throw: Stone             |     4 |    14 ||    18
       Large rock        |       |    13 ||    13
       Throwing net      |       |     2 ||     2
  Use: Scroll            |     2 |     3 ||     5
       Potion            |       |     6 ||     6
 Stab: Sleeping          |     1 |     1 ||     2
       Held in net/web   |       |     1 ||     1
  Eat: Chunk             |       |     5 ||     5
Armor: Robe              |    43 |    34 ||    77
Dodge: Dodged            |    83 |    87 ||   170

Table legend:
 A = Non-vault XP
 B = Vault XP
 C = Vault XP percentage of total XP
 D = Non-vault monster count
 E = Vault monster count
 F = Vault count percentage of total count
                 A         B        C        D         E       F
            +---------+---------+-------+---------+---------+-------
      Total |     238 |      40 |  14.4 |      62 |       3 |   4.6
            +---------+---------+-------+---------+---------+-------
        D:1 |      50 |       0 |   0.0 |      22 |       0 |   0.0
        D:2 |      69 |      36 |  34.3 |      19 |       1 |   5.0
        D:3 |     119 |       4 |   3.3 |      21 |       2 |   8.7
            +---------+---------+-------+---------+---------+-------
